 Dungeon Crawl Stone Soup version 0.17.1-3-g152610e (webtiles) character file.

252685 inmateoo the Executioner (level 19, -2/177 HPs)
             Began as a Minotaur Necromancer on Feb 24, 2016.
             Was a High Priest of Okawaru.
             Slain by a deep troll shaman (16 damage)
             ... led by an ironheart preserver
             ... on level 3 of the Vaults on Feb 25, 2016.
             The game lasted 01:01:08 (33980 turns).

inmateoo the Executioner (Minotaur Necromancer)    Turns: 33980, Time: 01:01:09

Health: -2/177     AC: 29    Str: 21    XL:     19   Next: 36%
Magic:  22/22      EV: 17    Int: 12    God:    Okawaru [*****.]
Gold:   2890       SH:  0    Dex: 11    Spells: 2 memorised, 20 levels left

rFire  + . .     SeeInvis .     V - +9 battleaxe of Jeimael {chop, +Inv}
rCold  + + .     Clarity  .     P - +2 chain mail {rPois}
rNeg   . . .     SustAt   .     (shield currently unavailable)
rPois  +         Gourm    .     (helmet unavailable)
rElec  +         Spirit   .     W - +2 cloak {rC+}
rCorr  .         Warding  .     I - +1 pair of gloves {archery}
rMut   .         Rnd*Tele +     b - +1 pair of boots {Fly}
MR     +++..                    e - amulet of regeneration
Stlth  ..........               R - ring of protection from fire
                                J - ring of protection from cold

@: heroism, slowed, very slow, extremely resistant to hostile enchantments,
extremely unstealthy
A: retaliatory headbutt, horns 3, blurry vision 1, low mp 1, magic resistance 2,
mutation resistance 1, shaggy fur 1, electricity resistance, teleportitis 1
a: Heroism, Finesse, Renounce Religion, Evoke Invisibility, Evoke Flight
}: 1/15 runes: gossamer


You were on level 3 of the Vaults.
You worshipped Okawaru.
Okawaru was extremely pleased with you.
You were not hungry.

You visited 5 branches of the dungeon, and saw 34 of its levels.
You also visited: Ossuary, Ice Cave and Volcano.

You collected 3857 gold pieces.
You spent 967 gold pieces at shops.

Inventory:

Hand Weapons
 q - a +1 battleaxe of flaming
 y - a +2 broad axe of chopping
 M - a +0 executioner's axe of chopping
 V - the +9 battleaxe of Jeimael (weapon) {chop, +Inv}
   (Okawaru gifted it to you on level 13 of the Dungeon)

   It inflicts extra damage upon your enemies.
   It lets you turn invisible.
Armour
 b - a +1 pair of boots of flying (worn)
 I - a +1 pair of gloves of archery (worn)
 P - a +2 chain mail of poison resistance (worn)
 T - the +0 hat "Jodich" {rF+ rN+ Int-4 Stlth+, unknown}
   (You found it in an ice cave)

   It affects your intelligence (-4).
   It protects you from fire.
   It protects you from negative energy.
   It makes you more stealthy.
 W - a +2 cloak of cold resistance (worn)
Jewellery
 e - an amulet of regeneration (around neck)
 f - an uncursed amulet of resist mutation
 t - an uncursed amulet of clarity
 J - a ring of protection from cold (left hand)
 R - a ring of protection from fire (right hand)
 X - an uncursed ring of protection from cold
 Y - an uncursed ring of positive energy
Wands
 d - a wand of teleportation (4)
 j - a wand of disintegration (20)
 l - a wand of fire (4)
 o - a wand of invisibility (1)
 L - a wand of paralysis (7)
 U - a wand of cold (9)
Scrolls
 h - 6 scrolls of enchant weapon
 k - 4 scrolls of teleportation
 n - 6 scrolls of identify
 p - 11 scrolls of remove curse
 s - 9 scrolls of enchant armour
 v - 3 scrolls of fear
 z - 5 scrolls of amnesia
 D - 6 scrolls of immolation
 G - 3 scrolls of magic mapping
 K - 3 scrolls of fog
 O - 2 scrolls of blinking
Potions
 a - 8 potions of might
 g - 4 potions of agility
 i - a potion of invisibility
 r - 3 potions of magic
 u - 8 potions of curing
 w - a potion of beneficial mutation {unknown}
 x - 7 potions of lignification
 B - 3 potions of resistance
 C - 4 potions of brilliance
 E - 4 potions of flight
 H - 4 potions of haste
 N - 3 potions of heal wounds
 Q - a potion of cancellation
Comestibles
 c - 6 bread rations
 m - 22 meat rations
 A - 12 royal jellies
 F - a beef jerky


   Skills:
 + Level 17.6(22.6) Fighting
 * Level 23.2(27) Axes
 + Level 17.5(22.5) Armour
 + Level 16.4(21.4) Dodging
 - Level 1.5(6.5) Stealth
 - Level 5.0 Spellcasting
 - Level 2.9 Necromancy
 - Level 8.9 Invocations


You had 20 spell levels left.
You knew the following spells:

 Your Spells              Type           Power        Failure   Level  Hunger
a - Regeneration          Chrm/Necr      #.........   93%         3    ###....
b - Phase Shift           Tloc           #.........   100%        5    ######.


Dungeon Overview and Level Annotations

Branches:
Dungeon (15/15)            Temple (0/1) D:4            Lair (8/8) D:10
 Shoals (0/4) Lair:6       Spider (4/4) Lair:3        Slime (0/6) Lair:8
    Orc (4/4) D:10            Elf (0/3) Orc:4        Vaults (3/5) D:13
  Crypt (0/3) Vaults:2     Depths (0/5) D:15

Altars:
Ashenzari
Dithmenos
Elyvilon
Fedhas
Gozag
Kikubaaqudgha
Makhleb
Nemelex Xobeh
Okawaru
Ru
Sif Muna
Vehumet
Xom
Yredelemnul
Zin
The Shining One
Beogh

Shops:
D:4 [   D:7 (   D:10 *[**(   Orc:3 :[[   Orc:4 :*([

Annotations:
D:3 inmateoo's ghost, amateur MiNe


Innate Abilities, Weirdness & Mutations

You reflexively headbutt those who attack you in melee.
You have a pair of large horns on your head.
Scrolls take you a little longer to read.
Your magical capacity is low (-10% MP).
You are highly resistant to hostile enchantments.
You are somewhat resistant to further mutation.
You are covered in fur (AC +1).
You are resistant to electric shocks.
You are occasionally teleported next to monsters.


Message History

Your headbutt misses the deep troll shaman.
The deep troll shaman is severely wounded.
The deep troll shaman barely misses you.
The deep troll shaman claws you but does no damage.
The deep troll shaman closely misses you.
The deep troll shaman bites you but does no damage.
The deep troll shaman claws you!
* * * LOW HITPOINT WARNING * * *
The deep troll shaman misses you.
You barely miss the deep troll shaman.
The deep troll shaman is severely wounded.
The deep troll shaman bites you!
* * * LOW HITPOINT WARNING * * *
The deep troll shaman closely misses you.
The deep troll shaman claws you!
* * * LOW HITPOINT WARNING * * *
You barely miss the deep troll shaman.
The deep troll shaman is severely wounded.
The deep troll shaman bites you!
You die...

#....##. #......#
#...#### #......# #..##
# #......# #.## #......#
### ......# # ..... ##
##+###))###+## ##.
#....T@......# #..
#............#########'
#............+.........
#............+.........
######'#######.........
##.......## #.........
##.##......###.........
##.##.###....##.....####
#.##.######...#.....#...


You could see a deep troll shaman.

Vanquished Creatures
  Arachne (Spider:3)
  2 sphinxes (Vaults:2)
  Roxanne (D:15)
  A fire giant (D:15)
  A frost giant (Vaults:3)
  2 orc warlords
  6 emperor scorpions (Spider:4)
  Aizul (Vaults:1)
  Louise (Spider:3)
  3 vault wardens
  6 ghost moths
  A war gargoyle (Vaults:2)
  5 ironheart preservers
  A salamander stormcaller (D:15)
  Azrael (D:15)
  An ettin (Orc:4)
  A dire elephant (Lair:8)
  2 blizzard demons (IceCv)
  Snorg (Orc:2)
  A deep elf death mage (Vaults:2)
  3 entropy weavers
  2 fire dragons (Vaults:1)
  6 yaktaur captains
  Josephine (D:10)
  5 vault guards
  10 hydras
  Harold (Lair:1)
  An ice dragon (Vaults:1)
  A catoblepas (Lair:8)
  A great orb of eyes (Vaults:3)
  8 centaur warriors
  3 rakshasas
  The ghost of Bubs the Fighter, a novice DsAK of Lugonu (D:11)
  26 death yaks
  4 ogre magi
  A deep troll shaman (Lair:8)
  2 deep troll earth magi (Vaults:1)
  3 orc high priests
  Sonja (D:11)
  Nergalle (Orc:3)
  A deep elf knight (Vaults:3)
  A shadow wraith (Vaults:1)
  A fire crab (Vaults:3)
  14 skeletal warriors
  An unseen horror (D:11)
  6 hill giants
  A swamp dragon (shapeshifter) (Vaults:1)
  5 ice devils (IceCv)
  7 wizards
  The ghost of Aarh the Sneak, a novice HaAs of Okawaru (D:11)
  A lindwurm (shapeshifter) (Vaults:2)
  6 ironbrand convokers
  A harpy (shapeshifter) (Vaults:1)
  A necromancer (Vaults:2)
  A phantasmal warrior (Vaults:2)
  23 wolf spiders
  4 orc sorcerers (Orc:4)
  11 orb spiders
  10 deep trolls
  17 harpies
  10 griffons
  23 ugly things
  11 orc knights
  5 hornets
  An octopode (shapeshifter) (Vaults:1)
  4 manticores
  A moth of wrath (Spider:2)
  3 cyclopes
  15 elephants
  6 vault sentinels
  Joseph (Lair:1)
  2 sirens (Lair:6)
  4 torpor snails
  An ice statue (IceCv)
  6 black mambas
  A gargoyle (D:11)
  15 yaktaurs
  12 spiny frogs
  8 demonic crawlers
  11 fire drakes
  3 kobold demonologists
  5 centaur skeletons
  13 trolls
  6 anaconda simulacra (IceCv)
  A queen bee (shapeshifter) (D:13)
  A fire drake (shapeshifter) (Vaults:2)
  6 freezing wraiths
  A golden dragon simulacrum (IceCv)
  A troll (shapeshifter) (Vaults:1)
  30 jumping spiders
  7 komodo dragons
  2 polar bears
  A queen bee (Lair:2)
  A blink frog (shapeshifter) (Vaults:3)
  2 blue devils (IceCv)
  34 blink frogs
  2 boulder beetles
  6 two-headed ogres
  6 wyverns
  A vampire (Vaults:2)
  11 slime creatures
  25 trapdoor spiders
  3 water elementals (D:15)
  49 redbacks
  Sigmund (D:4)
  4 wraiths (D:10)
  A shadow (D:13)
  18 humans
  2 deep elf magi
  4 deep elf fighters
  2 hungry ghosts
  22 tarantellas
  57 yaks
  Grum (Lair:1)
  4 fire elementals
  5 wargs
  23 hippogriffs
  6 basilisks
  4 mottled dragons
  6 vampire mosquitoes
  2 dire elephant simulacra (IceCv)
  11 fire bats
  Edmund (D:5)
  2 hell hounds
  7 hydra simulacra (IceCv)
  2 harpy simulacra (IceCv)
  9 porcupines
  A phantom (D:10)
  17 wolves
  9 spiders
  6 black bears
  2 ice beasts
  37 orc warriors
  11 water moccasins
  30 ogres
  7 sky beasts
  An ettin simulacrum (IceCv)
  4 necrophages
  A wasp (Spider:4)
  6 big kobolds
  15 boggarts
  7 centaurs
  25 crocodiles
  A big kobold (shapeshifter) (Vaults:1)
  2 brain worms
  16 giant frogs
  4 gnoll sergeants (D:10)
  2 wyvern skeletons (D:14)
  7 scorpions
  2 electric eels
  33 killer bees
  4 wights (D:14)
  2 quasits
  2 giant frog skeletons (D:5)
  5 centaur zombies
  2 hounds (D:13)
  40 orc wizards
  3 giant frog zombies
  2 human zombies (Ossuary)
  3 jellies
  26 orc priests
  10 crimson imps
  4 draconian simulacra (IceCv)
  A hell rat (D:10)
  Terence (D:3)
  3 troll simulacra (IceCv)
  9 worker ants
  16 iguanas
  8 sheep
  A polar bear simulacrum (IceCv)
  A big kobold zombie (Ossuary)
  A wolf simulacrum (IceCv)
  2 centaur simulacra (IceCv)
  A hound skeleton (D:5)
  3 mummies (Ossuary)
  2 naga simulacra (IceCv)
  7 scorpion zombies (Ossuary)
  2 gnolls (D:10)
  92 river rats
  5 worker ant zombies
  17 adders
  4 ogre simulacra (IceCv)
  4 shadow imps
  19 white imps
  4 ufetubi (IceCv)
  5 oozes (Lair:8)
  A worm (D:2)
  2 adder skeletons
  A worm (shapeshifter) (D:15)
  8 giant geckos
  197 orcs
  8 hobgoblins
  6 jackals
  6 quokkas
  8 bats
  6 giant cockroaches
  A giant gecko skeleton (D:5)
  2 giant gecko zombies
  20 giant newts
  6 goblins
  3 hobgoblin zombies (Ossuary)
  A jackal skeleton (D:5)
  18 kobolds
  4 orc zombies (Ossuary)
  9 rats
  A bush (D:6)
  2 crawling corpses (Vaults:2)
  2 fire vortices (D:15)
  13 fungi
  2 plants
1668 creatures vanquished.

Vanquished Creatures (others)
  2 blink frogs (Lair:8)
  A hell hound (D:15)
  An orc (Orc:4)
  A kobold (D:11)
  A bush (D:6)
  14 fungi
  12 plants
32 creatures vanquished.

Grand Total: 1700 creatures vanquished

Notes
Turn   | Place    | Note
--------------------------------------------------------------
     0 | D:1      | inmateoo the Minotaur Necromancer began the quest for the Orb.
     0 | D:1      | Reached XP level 1. HP: 14/14 MP: 1/1
     6 | D:1      | Noticed a komodo dragon
     6 | D:1      | Noticed a worker ant
     7 | D:1      | Noticed a centaur warrior
   549 | D:1      | Reached skill level 1 in Fighting
   572 | D:1      | Reached XP level 2. HP: 15/23 MP: 3/3
   873 | D:1      | Reached skill level 1 in Armour
  1435 | D:2      | Reached XP level 3. HP: 20/29 MP: 4/4
  1468 | D:2      | Reached skill level 1 in Axes
  1484 | D:2      | Found an opulent altar of Gozag.
  1780 | D:2      | Reached XP level 4. HP: 36/36 MP: 5/5
  1853 | D:2      | Gained mutation: You are covered in fur (AC +1). [potion of mutation]
  1853 | D:2      | Gained mutation: You are resistant to hostile enchantments. [potion of mutation]
  1853 | D:2      | Gained mutation: You are highly resistant to hostile enchantments. [potion of mutation]
  2180 | D:3      | Found an iron altar of Okawaru.
  2189 | D:3      | Became a worshipper of Warmaster Okawaru
  2221 | D:3      | Reached skill level 3 in Axes
  2259 | D:3      | Noticed Terence
  2265 | D:3      | Killed Terence
  2265 | D:3      | Reached XP level 5. HP: 37/42 MP: 6/6
  2285 | D:3      | Noticed inmateoo's ghost (amateur MiNe)
  2303 | D:4      | Noticed an ogre
  2450 | D:4      | Found a radiant altar of Vehumet.
  2469 | D:4      | Found Zantelust's Antique Armour Shop.
  2480 | D:4      | Reached skill level 4 in Axes
  2593 | D:4      | Reached XP level 6. HP: 41/51 MP: 7/7
  2638 | D:4      | Killed an ogre
  2694 | D:4      | Bought a cloak for 126 gold pieces
  2783 | D:4      | Reached skill level 5 in Axes
  2789 | D:4      | Reached * piety under Okawaru
  2921 | D:4      | Found a glowing golden altar of the Shining One.
  2922 | D:4      | Found a white marble altar of Elyvilon.
  2923 | D:4      | Found a glowing silver altar of Zin.
  3038 | D:4      | Found a staircase to the Ecumenical Temple.
  3070 | D:4      | Noticed Sigmund
  3077 | D:4      | Killed Sigmund
  3077 | D:4      | Reached XP level 7. HP: 56/58 MP: 5/8
  3156 | D:5      | Entered Level 5 of the Dungeon
  3207 | D:5      | Reached skill level 6 in Axes
  3404 | D:5      | Noticed Edmund
  3416 | D:5      | Killed Edmund
  3416 | D:5      | Reached skill level 5 in Dodging
  3451 | D:5      | Reached ** piety under Okawaru
  3476 | D:5      | Reached XP level 8. HP: 61/67 MP: 7/9
  3781 | D:5      | Found a basalt altar of Yredelemnul.
  4034 | D:6      | Reached skill level 7 in Axes
  4034 | D:6      | Reached skill level 5 in Armour
  4144 | D:6      | Reached skill level 5 in Fighting
  4417 | D:6      | Found a sacrificial altar of Ru.
  4533 | D:6      | Found a blossoming altar of Fedhas.
  4850 | D:6      | Reached skill level 1 in Invocations
  4869 | D:6      | Reached skill level 8 in Axes
  5021 | D:7      | Found a sand-covered staircase.
  5092 | Ossuary  | Entered an ossuary
  5148 | Ossuary  | Reached XP level 9. HP: 59/73 MP: 7/10
  5356 | Ossuary  | Reached skill level 9 in Axes
  5519 | D:7      | Reached *** piety under Okawaru
  5555 | D:7      | Found Emoosily's Weapon Shop.
  5705 | D:7      | Found a shimmering altar of Xom.
  5758 | D:7      | Found a deep blue altar of Sif Muna.
  6242 | D:8      | Found a shattered altar of Ashenzari.
  6267 | D:8      | Reached skill level 10 in Axes
  6405 | D:8      | Reached **** piety under Okawaru
  6588 | D:8      | Reached XP level 10. HP: 75/84 MP: 11/11
  6615 | D:8      | Found a sparkling altar of Nemelex Xobeh.
  6855 | D:8      | Found a burning altar of Makhleb.
  6864 | D:8      | Found an ancient bone altar of Kikubaaqudgha.
  7658 | D:9      | Identified a scroll of acquirement
  8074 | D:10     | Entered Level 10 of the Dungeon
  8089 | D:10     | Reached skill level 11 in Axes
  8103 | D:10     | Gained mutation: You occasionally shout uncontrollably at your foes. [mutagenic meat]
  8104 | D:10     | Gained mutation: Your body sometimes deteriorates upon taking damage. [mutagenic meat]
  8105 | D:10     | Gained mutation: Your flesh is cold resistant. [mutagenic meat]
  8107 | D:10     | Gained mutation: Your magical capacity is low (-10% MP). [mutagenic meat]
  8113 | D:10     | Noticed Josephine
  8124 | D:10     | Killed Josephine
  8138 | D:10     | Reached ***** piety under Okawaru
  8142 | D:10     | Reached skill level 5 in Invocations
  8177 | D:10     | Noticed a white ugly thing
  8210 | D:9      | Killed a white ugly thing
  8215 | D:9      | Gained mutation: You expend magic power (3 MP) to strengthen your wands. [mutagenic meat]
  8216 | D:9      | Lost mutation: Your body sometimes deteriorates upon taking damage. [mutagenic meat]
  8217 | D:9      | Gained mutation: You are occasionally teleported next to monsters. [mutagenic meat]
  8371 | D:10     | Received a gift from Okawaru
  8434 | D:10     | Reached XP level 11. HP: 50/93 MP: 12/12
  8505 | D:10     | Found a staircase to the Orcish Mines.
  8531 | D:10     | Reached skill level 12 in Axes
  8740 | D:10     | Noticed a hill giant
  8756 | D:10     | Killed a hill giant
  8770 | D:10     | Found Hihisaokli's General Store.
  8785 | D:10     | Bought a scroll of blinking for 105 gold pieces
  8785 | D:10     | Bought a +2 chain mail of poison resistance for 259 gold pieces
  8820 | D:10     | Found a staircase to the Lair.
  8846 | D:10     | Found a shattered altar of Ashenzari.
  8865 | D:10     | Found Ilexesus's Assorted Antiques.
  8926 | D:10     | Found Par Yhojy's Antique Weapon Shoppe.
  9081 | D:10     | Received a gift from Okawaru
  9084 | D:10     | Got a crystal great sword {god gift}
  9085 | D:10     | Identified the +9 great sword "Aciafyta" {slice, rElec} (Okawaru gifted it to you on level 10 of the Dungeon)
  9119 | D:10     | Found Adiugen's Assorted Antiques.
  9122 | D:10     | Bought a scroll labeled WAUSSO BU OVU for 31 gold pieces
  9137 | D:10     | Found Haott's Armour Shoppe.
  9476 | D:11     | Noticed a soul eater
  9477 | D:11     | Noticed Sonja
  9487 | D:11     | Noticed Aarh's ghost (novice HaAs)
  9495 | D:11     | Killed Sonja
  9514 | D:11     | Killed Aarh's ghost
  9647 | D:11     | Killed an unseen horror
  9647 | D:11     | Reached skill level 13 in Axes
  9684 | D:11     | Received a gift from Okawaru
  9769 | D:11     | Noticed Bubs's ghost (novice DsAK)
  9818 | D:11     | Killed Bubs's ghost
  9952 | D:11     | Reached XP level 12. HP: 83/104 MP: 14/14
 10560 | D:12     | Reached skill level 10 in Armour
 10650 | D:12     | Reached skill level 10 in Fighting
 10659 | D:12     | Gained mutation: Scrolls take you a little longer to read. [mutagenic meat]
 10660 | D:12     | Gained mutation: You have a pair of large horns on your head. [mutagenic meat]
 10661 | D:12     | Lost mutation: You expend magic power (3 MP) to strengthen your wands. [mutagenic meat]
 10662 | D:12     | Gained mutation: You are somewhat resistant to further mutation. [mutagenic meat]
 10867 | D:13     | Noticed a centaur warrior
 10882 | D:13     | Killed a centaur warrior
 10933 | D:13     | Reached skill level 14 in Axes
 10981 | D:12     | Reached ****** piety under Okawaru
 10981 | D:12     | Received a gift from Okawaru
 11259 | D:13     | Reached skill level 10 in Dodging
 11388 | D:13     | Noticed a vault guard
 11388 | D:13     | Noticed a vault guard
 11420 | D:13     | Killed a vault guard
 11431 | D:13     | Killed a vault guard
 11485 | D:13     | Noticed a vault guard
 11500 | D:13     | Killed a vault guard
 11500 | D:13     | Received a gift from Okawaru
 11500 | D:13     | Reached skill level 15 in Axes
 11500 | D:13     | Reached XP level 13. HP: 78/113 MP: 16/16
 11505 | D:13     | Got a slimy battleaxe {god gift}
 11508 | D:13     | Identified the +9 battleaxe of Jeimael {chop, +Inv} (Okawaru gifted it to you on level 13 of the Dungeon)
 11586 | D:13     | Found a gate to the Vaults.
 12356 | D:14     | Received a gift from Okawaru
 12518 | D:14     | Found a shadowy altar of Dithmenos.
 12721 | D:15     | Entered Level 15 of the Dungeon
 12751 | D:15     | Learned a level 3 spell: Regeneration
 12757 | D:15     | Learned a level 5 spell: Phase Shift
 12826 | D:15     | Lost mutation: You occasionally shout uncontrollably at your foes. [mutagenic meat]
 12829 | D:15     | Gained mutation: You are resistant to electric shocks. [mutagenic meat]
 13055 | D:15     | Noticed Roxanne
 13090 | D:15     | Noticed a salamander stormcaller
 13364 | Orc:1    | Entered Level 1 of the Orcish Mines
 13475 | Orc:1    | Found a roughly hewn altar of Beogh.
 13710 | Orc:2    | Reached skill level 16 in Axes
 13716 | Orc:2    | Noticed Snorg
 13728 | Orc:2    | Killed Snorg
 14368 | Orc:3    | Found Oxtot's Book Shop.
 14377 | Orc:3    | Found Ypeuff's Antique Armour Boutique.
 14519 | Orc:4    | Entered Level 4 of the Orcish Mines
 14529 | Orc:4    | Noticed an orc warlord
 14679 | Orc:4    | Found Ydatsu's General Store.
 14912 | Orc:4    | Found Ruin's Book Shoppe.
 15226 | Orc:3    | Noticed Nergalle
 15231 | Orc:3    | Killed Nergalle
 15231 | Orc:3    | Reached XP level 14. HP: 106/126 MP: 17/17
 15277 | Orc:3    | Found Ogops's Antique Armour Boutique.
 15435 | Orc:4    | Found a staircase to the Elven Halls.
 15461 | Orc:4    | Found Woetz's Antique Armour Shoppe.
 15470 | Orc:4    | Bought a pair of runed boots for 180 gold pieces
 15513 | Orc:4    | Found a roughly hewn altar of Beogh.
 15576 | Orc:4    | Found Naovuhun's Antique Weapon Boutique.
 15731 | Orc:3    | Noticed an orc warlord
 15745 | Orc:3    | Killed an orc warlord
 16153 | Orc:4    | Killed an orc warlord
 16231 | Orc:3    | Bought a fine cloak for 266 gold pieces
 16241 | Orc:3    | Identified the cursed -5 cloak "Uhennewi" {rElec Str+2} (You bought it in a shop on level 3 of the Orcish Mines)
 16396 | Lair:1   | Entered Level 1 of the Lair of Beasts
 16738 | Lair:1   | Noticed Harold
 16739 | Lair:1   | Reached skill level 17 in Axes
 16751 | Lair:1   | Noticed Grum
 16758 | Lair:1   | Killed Harold
 16762 | Lair:1   | Killed Grum
 17043 | Lair:1   | Noticed Joseph
 17053 | Lair:1   | Killed Joseph
 17610 | Lair:2   | Received a gift from Okawaru
 18149 | Lair:3   | Found a hole to the Spider Nest.
 18714 | Lair:3   | Received a gift from Okawaru
 19682 | Lair:5   | Reached XP level 15. HP: 133/135 MP: 18/18
 19821 | Lair:5   | Received a gift from Okawaru
 19831 | Lair:5   | Reached skill level 18 in Axes
 19839 | Lair:5   | Got a blackened battleaxe {god gift}
 19840 | Lair:5   | Identified the +3 battleaxe "Z" {drain, rPois Int+4 Stlth+} (Okawaru gifted it to you on level 5 of the Lair of Beasts)
 20853 | Lair:6   | Found a staircase to the Shoals.
 20959 | Lair:6   | Received a gift from Okawaru
 22467 | Lair:8   | Entered Level 8 of the Lair of Beasts
 22481 | Lair:8   | Reached skill level 5 in Spellcasting
 22494 | Lair:8   | Found a dark tunnel.
 22505 | Volcano  | Entered a volcano
 22603 | Volcano  | Received a gift from Okawaru
 22815 | Lair:8   | Reached skill level 19 in Axes
 22815 | Lair:8   | Reached XP level 16. HP: 134/146 MP: 17/20
 22901 | Lair:8   | Found a staircase to the Slime Pits.
 24089 | D:15     | Noticed Azrael
 24100 | D:15     | Killed Azrael
 24145 | D:15     | Received a gift from Okawaru
 24156 | D:15     | Killed a salamander stormcaller
 24271 | D:15     | Lost mutation: Your flesh is cold resistant. [mutagenic meat]
 24319 | D:15     | Found a staircase to the Depths.
 24320 | D:15     | Noticed a fire giant
 24328 | D:15     | Killed a fire giant
 24482 | D:15     | Reached skill level 20 in Axes
 24634 | D:15     | Killed Roxanne
 24873 | Spider:1 | Entered Level 1 of the Spider Nest
 25241 | Spider:1 | Reached skill level 15 in Armour
 25263 | Spider:1 | Reached skill level 15 in Fighting
 25502 | Spider:2 | Found a frozen archway.
 25535 | IceCv    | Entered an ice cave
 26303 | IceCv    | Received a gift from Okawaru
 26304 | IceCv    | Reached XP level 17. HP: 114/156 MP: 19/21
 26567 | IceCv    | Got a dazzling hat
 27814 | Spider:3 | Noticed Louise
 27828 | Spider:3 | Killed Louise
 27929 | Spider:3 | Noticed Arachne
 27937 | Spider:3 | Killed Arachne
 27964 | Spider:3 | Received a gift from Okawaru
 28278 | Spider:4 | Entered Level 4 of the Spider Nest
 28396 | Spider:4 | Reached skill level 21 in Axes
 29229 | Spider:4 | Reached skill level 15 in Dodging
 29446 | Spider:4 | Received a gift from Okawaru
 29449 | Spider:4 | Got a bloodstained scale mail {god gift}
 29455 | Spider:4 | Identified the +0 scale mail of Weightlessness {+Blink MR+} (Okawaru gifted it to you on level 4 of the Spider Nest)
 29617 | Spider:4 | Got a gossamer rune of Zot
 29731 | Spider:4 | Reached XP level 18. HP: 137/166 MP: 21/21
 30451 | Vaults:1 | Entered Level 1 of the Vaults
 30755 | Vaults:1 | Noticed Aizul
 30766 | Vaults:1 | Killed Aizul
 30774 | Vaults:1 | Reached skill level 22 in Axes
 31119 | Vaults:1 | Received a gift from Okawaru
 32669 | Vaults:2 | Reached XP level 19. HP: 96/177 MP: 10/22
 32681 | Vaults:2 | Received a gift from Okawaru
 33262 | Vaults:2 | Found a staircase to the Crypt.
 33411 | Vaults:3 | Reached skill level 23 in Axes
 33965 | Vaults:3 | Received a gift from Okawaru
 33980 | Vaults:3 | Slain by a deep troll shaman

Action                   |  1- 3 |  4- 6 |  7- 9 | 10-12 | 13-15 | 16-18 | 19-21 || total
-------------------------+-------+-------+-------+-------+-------+-------+-------++-------
Melee: Unarmed           |    71 |       |       |       |       |       |       ||    71
       Hand axe          |    50 |   161 |   478 |   412 |       |       |       ||  1101
       Battleaxe         |       |       |       |   247 |  1323 |  1368 |   157 ||  3095
       Great sword       |       |       |       |     3 |       |       |       ||     3
Invok: Heroism           |       |     1 |     5 |    12 |    19 |    24 |     2 ||    63
       Finesse           |       |       |       |     2 |     4 |     1 |     1 ||     8
 Abil: Stop Flying       |       |       |       |       |     1 |       |       ||     1
Evoke: Wand              |       |       |       |     1 |     4 |     6 |       ||    11
  Use: Potion            |       |     7 |       |     1 |     2 |     5 |     2 ||    17
       Scroll            |       |       |    16 |     4 |    18 |     8 |     1 ||    47
 Stab: Paralysed         |       |       |       |     2 |       |     2 |       ||     4
       Invisible         |       |       |       |       |     3 |       |       ||     3
  Eat: Chunk             |     3 |     5 |    12 |    36 |    22 |    28 |     2 ||   108
       Beef jerky        |       |       |     2 |       |     5 |     1 |     2 ||    10
       Pizza             |       |       |       |     2 |     8 |     1 |       ||    11
       Fruit             |       |       |       |     1 |     7 |    18 |     2 ||    28
       Bread ration      |       |       |       |       |     2 |     3 |       ||     5
       Royal jelly       |       |       |       |       |       |     1 |       ||     1
